Cogmind - Beta 15 @@@ ROGUE MODE // 2025.10.16 @ 00:07:06 Player: ratty Result: Destroyed by as-16214 with Assembled F-torch Performance ------------- Evolutions (0) 0 Regions Visited (2) 400 Robots Destroyed (30) 150 Value Destroyed (613) 613 Prototype IDs (3) 60 Alien Tech Used (0) 0 Bonus (0) 0 TOTAL SCORE: 1223 Bonus ------- None Cogmind --------- Core Integrity 0/250 Matter 300/300 Energy 448/450 System Corruption 0% Temperature Cool (30) Movement Walking (120) Location -10/Mines Parts ------- > --- POWER (1) -------- Ion Engine > --- PROPULSION (2) --- Aluminum Leg Aluminum Leg > --- UTILITY (2) ------ Large Battery Power Shielding > --- WEAPON (2) ------- Beam Cannon Mining Claw > --- INVENTORY (5) ---- Flight Unit Small Matter Pod (50) Propulsion Shielding Small Laser Mining Laser Peak State ------------ > --- POWER ------------ Light Ion Engine > --- PROPULSION ------- Aluminum Leg Aluminum Leg > --- UTILITY ---------- Small Matter Pod Light Armor Plating > --- WEAPON ----------- EM Pulse Gun Assault Rifle > --- INVENTORY -------- Wheel Wheel Medium Laser [Rating: 7] Favorites ----------- Power Ion Engine Engine Ion Engine Propulsion Aluminum Leg Leg Aluminum Leg Utility Large Battery Device Heat Sink Storage Large Battery Protection Power Shielding Weapon Light Assault Rifle Energy Gun Medium Laser Energy Cannon Beam Cannon Ballistic Gun Light Assault Rifle Slashing Weapon Mining Claw Build | -11 -10 -10 ------- Run | Yrd Mat Min Slots Evolved . | . . . Power . | . . . Propulsion . | . . . Utility . | . . . Weapon . | . . . Parts Attached 29 | 5 24 . Power 5 | 1 4 . Engine 5 | 1 4 . Core . | . . . Reactor . | . . . Propulsion 7 | 2 5 . Treads . | . . . Leg 7 | 2 5 . Wheel . | . . . Hover . | . . . Flight . | . . . Utility 8 | . 8 . Device 3 | . 3 . Storage 2 | . 2 . Processor . | . . . Hackware . | . . . Protection 3 | . 3 . Artifact . | . . . Weapon 9 | 2 7 . Energy Gun 2 | 1 1 . Energy Cannon 2 | . 2 . Ballistic Gun 4 | 1 3 . Ballistic Cannon . | . . . Launcher . | . . . Special Weapon . | . . . Impact Weapon . | . . . Slashing Weapon 1 | . 1 . Piercing Weapon . | . . . Special Melee Weapon . | . . . Unidentified Prototypes . | . . . Parts Lost 5 | . 5 . Power 2 | . 2 . Propulsion . | . . . Utility 2 | . 2 . Weapon 1 | . 1 . Highest Loss Streak 2 | . 2 . To Critical Strikes . | . . . Average Backups 3 | 2 3 4 Power . | . . . Propulsion 1 | 1 1 1 Utility 1 | . 1 2 Weapon . | 1 . 1 Tool/Special . | . . . Unused Backups 12 | . 9 3 Power . | . . . Propulsion 4 | . 3 1 Utility 2 | . 2 . Weapon 6 | . 4 2 Tool/Special . | . . . Average Slot Usage (%) 96 | . 95 100 Engine 13 | . 13 14 Leg 26 | . 26 28 Device 2 | . 3 . Storage 13 | . 13 14 Protection 9 | . 9 14 Energy Gun 2 | . 2 . Energy Cannon 8 | . 8 14 Ballistic Gun 13 | . 14 . Slashing Weapon 2 | . 2 14 Peak Build Rating 7 | 5 7 7 Average Rating 6 | 3 6 7 On Entrance 4 | . 5 7 Naked Turns . | . . . Heaviest Build 14 | 7 14 14 Greatest Support 20 | 20 20 20 Greatest Overweight (x) 2 | 2 2 . Average Overweight (x) . | . . . Largest Inventory Capacity 5 | 5 5 5 Average Capacity 5 | 5 5 5 Most Carried 5 | 5 5 5 Average Carried 3 | 2 3 4 Final Capacity 5 | 5 5 5 Final Carried 5 | 3 4 5 Class Distribution -------------------- 68% | Scavenger-Mutant 31% | Mutant Dominant Class ---------------- Scavenger-Mutant | -10/Materials Mutant | -10/Mines Resources | -11 -10 -10 ----------- Run | Yrd Mat Min Matter Collected 723 | 281 442 . Remotely . | . . . Salvage Created 1043 | 32 1011 . Parts 65 | 2 63 . Haulers Intercepted 1 | . 1 . Recyclers Shooed . | . . . Parts Field Recycled . | . . . Retrieved Matter . | . . . Parts Self-Destructed . | . . . Prevented . | . . . Kills | -11 -10 -10 ------- Run | Yrd Mat Min Combat Hostiles Destroyed 21 | 1 20 . Guns 17 | 1 16 . Cannons 3 | . 3 . AOE 1 | . 1 . Classes Destroyed 6 | 1 5 . Worker 3 | . 3 . Hauler 1 | . 1 . Recycler 2 | . 2 . Watcher 3 | . 3 . Swarmer 8 | . 8 . Grunt 13 | 1 12 . Best Kill Streak 9 | 1 9 . Combat Bots Only 6 | 1 6 . Max Kills in Single Turn 1 | 1 1 . Gunslinging . | . . . Exploded 1 | . 1 . Melee . | . . . Uniques/NPCs Destroyed . | . . . Combat | -11 -10 -10 -------- Run | Yrd Mat Min Hostile Shots Fired 169 | 7 159 3 Missed 50 | 2 47 1 Hits 119 | 5 112 2 Projectile 119 | 5 112 2 Damage Taken 1234 | 59 1151 24 Core 259 | 23 225 11 Absorbed by Shields . | . . . Redirected to Shielding 16 | . 16 . Regen/Repaired (Parts) 37 | . 37 . Core Remaining (%) 90 | 90 . . Volleys Fired 96 | 7 88 1 Largest 2 | 1 2 1 Hottest 80 | 20 80 60 Shots Fired 175 | 7 167 1 Gun 143 | 7 136 . Cannon 32 | . 31 1 Launcher . | . . . Special . | . . . Kinetic 106 | 7 99 . Thermal 57 | . 56 1 Explosive . | . . . Electromagnetic 12 | . 12 . Robot Hit Streak 10 | 3 10 . Robot Miss Streak 5 | 1 5 . Penetration Max . | . . . Secondary Targets 2 | . 2 . Max Gunslinging Chain 1 | . 1 . Shots Hit Robots 93 | 5 88 . Core Hits 52 | 1 51 . Critical Kills . | . . . Critical Parts Destroyed 2 | . 2 . Critical Strikes 2 | . 2 . Destroy 2 | . 2 . Melee Attacks 2 | . 2 . Impact . | . . . Slashing 2 | . 2 . Piercing . | . . . Sneak Attacks 2 | . 2 . Combat Hostiles . | . . . Follow-up Attacks . | . . . Damage Inflicted 1382 | 69 1313 . Guns 875 | 69 806 . Cannons 299 | . 299 . Explosions 112 | . 112 . Melee 96 | . 96 . Ramming . | . . . Kinetic 621 | 69 552 . Thermal 562 | . 562 . Explosive . | . . . Electromagnetic 103 | . 103 . Impact . | . . . Slashing 96 | . 96 . Piercing . | . . . Highest Corruption . | . . . Average Corruption . | . . . Corruption Purged . | . . . Corruption Blocked . | . . . Overload Shots . | . . . Overflow Damage 21 | . 21 . Projectiles . | . . . Explosions 21 | . 21 . Melee . | . . . Knockbacks . | . . . Impact . | . . . Kinetic . | . . . Secondary . | . . . Self-Inflicted Damage . | . . . Shots . | . . . Rammed . | . . . Targets Rammed . | . . . Kicked . | . . . Crushed . | . . . Highest Temperature 458 | 1 458 10 Average Temperature 146 | 1 147 10 Received Heat Transfer 452 | 30 402 20 Effects 6 | . 6 . Shutdowns 2 | . 2 . Energy Bleed 1 | . 1 . Short Circuit 2 | . 2 . Damage (minor) 1 | . 1 . Siege Activations . | . . . Martial Activations . | . . . Shielding Activations . | . . . Robots Disrupted . | . . . Combat Hostiles . | . . . Robots Corrupted . | . . . Combat Hostiles . | . . . Parts Fried . | . . . Impact Corruptions . | . . . Robots Melted . | . . . Combat Hostiles . | . . . Parts Melted 1 | . 1 . Heat Transferred 1273 | . 1273 . Parts Sabotaged . | . . . Parts Stolen . | . . . Parts Stripped . | . . . Power Chain Reactions 1 | . 1 . Alert | -11 -10 -10 ------- Run | Yrd Mat Min Maximum Alert Level . | . . . Low Security (%) 100 | 100 100 100 Level 1 . | . . . Level 2 . | . . . Level 3 . | . . . Level 4 . | . . . Level 5 . | . . . High Security . | . . . Max Security . | . . . Peak Influence 160 | 20 160 10 Initial 10 | . 6 10 Average 50 | 2 55 1 Influence Increases 630 | 20 610 . Destroy 0b10 Robot/C 420 | 20 400 . Destroy 0b10 Robot/NC 45 | . 45 . Destroy Leader 98 | . 98 . Successful Hack 32 | . 32 . Destroy Structure 5 | . 5 . Lose Combat Pursuer 30 | . 30 . Influence Decreases 630 | 10 592 28 Entered New Map 22 | . 4 18 Time Decay 558 | 10 538 10 Lost Part 50 | . 50 . Squads Dispatched 4 | . 4 . Investigation 2 | . 2 . Extermination . | . . . Reinforcement 2 | . 2 . Assault . | . . . Garrison . | . . . Intercept . | . . . Searches Triggered . | . . . Construction Impeded . | . . . Haulers Reinforced . | . . . Active Scanning Responses . | . . . Cargo Convoy Interrupts . | . . . Stealth | -11 -10 -10 --------- Run | Yrd Mat Min Distress Signals 2 | . 2 . Communications Jammed . | . . . Distress Signals . | . . . Times Spotted 49 | 1 36 12 Peak Tracking Total 19 | 1 9 19 Tactical Retreats 2 | . 2 . Traps | -11 -10 -10 ------- Run | Yrd Mat Min Traps Triggered 2 | . 2 . Indirectly . | . . . Trap Hack Attempts . | . . . Triggered . | . . . Disarmed . | . . . Reprogrammed . | . . . Reused . | . . . Traps Extracted . | . . . Installed . | . . . Triggered . | . . . Machines | -11 -10 -10 ---------- Run | Yrd Mat Min Machines Disabled . | . . . Max in Single Turn . | . . . Machines Repaired . | . . . Machines Dismantled . | . . . Machines Sabotaged . | . . . Overloaded Fab Kills . | . . . Hacking | -11 -10 -10 --------- Run | Yrd Mat Min Machines Accessed 7 | . 7 . Terminals 4 | . 4 . Fabricators . | . . . Repair Stations 1 | . 1 . Recycling Units 2 | . 2 . Scanalyzers . | . . . Garrison Access . | . . . Total Hacks 39 | . 39 . Successful 28 | . 28 . Failed 11 | . 11 . Catastrophic . | . . . Database Lockouts . | . . . Manual . | . . . Terminals 24 | . 24 . Fabricators . | . . . Repair Stations 3 | . 3 . Recycling Units 12 | . 12 . Scanalyzers . | . . . Garrison Access . | . . . Terminal Hacks 19 | . 19 . Record 6 | . 6 . Prototype ID Bank 2 | . 2 . Branch Access Points 1 | . 1 . Locate Traps 1 | . 1 . Dispatch Records 2 | . 2 . Maintenance Status 1 | . 1 . Surveillance Status 1 | . 1 . Investigation Status 1 | . 1 . Reinforcement Status 1 | . 1 . Hauler Manifests 1 | . 1 . Zone Layout 2 | . 2 . Fabricator Hacks . | . . . Repair Station Hacks 2 | . 2 . Scan Component 1 | . 1 . Repair 1 | . 1 . Recycling Unit Hacks 7 | . 7 . Process 4 | . 4 . Report Inventory 2 | . 2 . Retrieve Components 1 | . 1 . Scanalyzer . | . . . Garrison Access Hacks . | . . . Unauthorized Hacks . | . . . Terminals . | . . . Fabricators . | . . . Repair Stations . | . . . Recycling Units . | . . . Scanalyzers . | . . . Garrison Access . | . . . Data Cores Recovered . | . . . Used . | . . . Hacking Detections 7 | . 7 . Full Trace Events 5 | . 5 . Feedback Events . | . . . Feedback Blocked . | . . . Robot Schematics Acquired . | . . . Robots Built . | . . . Authchips . | . . . Time . | . . . Total Robot Build Rating . | . . . Part Schematics Acquired . | . . . Parts Built . | . . . Authchips . | . . . Time . | . . . Total Part Build Rating . | . . . Parts Repaired 1 | . 1 . Time 26 | . 26 . Parts Recycled . | . . . Recycled Matter 409 | . 409 . Retrieved Matter . | . . . Retrieved Components . | . . . Parts Scanalyzed . | . . . Part Schematics Acquired . | . . . Parts Damaged . | . . . Bothacking | -11 -10 -10 ------------ Run | Yrd Mat Min Used RIF Installer . | . . . Robots Hacked . | . . . Non-combat . | . . . Combat . | . . . Robot Hacks Applied . | . . . Relay Couplers Released . | . . . Fabnet Peak Effective % . | . . . Robots Rewired . | . . . Allies Hacked . | . . . Hacks Repelled . | . . . Allies | -11 -10 -10 -------- Run | Yrd Mat Min Total Allies 3 | . . 3 Largest Group 3 | . . 3 Highest-Rated Group 73 | . . 73 Highest-Rated Ally 31 | . . 31 Total Orders . | . . . Ally Attacks . | . . . Total Damage . | . . . Kills . | . . . Allies Corrupted . | . . . Allies Melted . | . . . Intel | -11 -10 -10 ------- Run | Yrd Mat Min Active Infowar (turns) . | . . . Robot Analysis Total . | . . . Derelict Logs Recovered 1 | . . 1 Drone Launches . | . . . Drone Recoveries . | . . . Exploration | -11 -10 -10 ------------- Run | Yrd Mat Min Turns Passed 2795 | 103 2549 143 Spaces Moved 1783 | 101 1566 116 Core 106 | 92 14 . Treads . | . . . Legs 1677 | 9 1552 116 Wheels . | . . . Hover . | . . . Flight . | . . . Fastest Speed 50 | 50 100 120 Average Speed 132 | 73 137 120 Slowest Speed 190 | 150 190 120 Overloaded Moves . | . . . Propulsion Burnouts . | . . . Robots Hopped . | . . . Potential Cave-ins . | . . . Cave-ins Triggered . | . . . Exploration Rate (%) 44 | 6 97 31 Regions Visited 2 Branch Regions 1 Pre-discovered Areas 1 | . . 1 Known Exits Taken 1 | . 1 . Unknown Exits Taken 1 | 1 . . Scrap Searched . | . . . Spaces Dug . | . . . Terrain Destroyed 5 | . 5 . Melee . | . . . Projectile . | . . . AOE 5 | . 5 . Terrain Rammed . | . . . Walls Destroyed . | . . . Machines Disabled . | . . . Actions | -11 -10 -10 --------- Run | Yrd Mat Min Total 2064 | 124 1821 119 Wait 83 | . 82 1 Move 1781 | 100 1565 116 Hop . | . . . Pick Up 44 | 9 34 1 Fast Attach . | . . . Attach 23 | 6 17 . Detach 1 | 1 . . Swap 8 | . 8 . Drop 26 | 1 25 . Fire 96 | 7 88 1 Melee 2 | . 2 . Ram . | . . . Kick . | . . . Crush . | . . . Escape Stasis . | . . . Rewire . | . . . Trap . | . . . Miscellaneous . | . . . Route ------- -11/Scrapyard -10/Materials (discovered 6 exits: [*Mat x3] / *Min x2 / [*Sub]) -10/Mines History --------- Turn | Location | Event 2 | -11/Scrapyard | Met Revision 17 71 | -11/Scrapyard | Discovered new exit (range 8) 104 | -11/Scrapyard | Entered Materials 210 | -10/Materials | Identified exit to Mines 323 | -10/Materials | Build established: Mutant 338 | -10/Materials | Core integrity fell below 50% 650 | -10/Materials | Build established: Scavenger-Mutant 654 | -10/Materials | Discovered new exit (range 15) 870 | -10/Materials | Discovered new exit (range 10) 1125 | -10/Materials | Repaired Aluminum Leg? 1555 | -10/Materials | Discovered new exit (range 15) 1980 | -10/Materials | Discovered new exit (range 7) 2197 | -10/Materials | Core integrity fell below 20% 2554 | -10/Materials | Build established: Mutant 2653 | -10/Materials | Entered Mines 2656 | -10/Mines | Received a Mining Laser from a helpful Derelict 2692 | -10/Mines | Learned location of Zion (-7) 2788 | -10/Mines | Assembled infested the area 2796 | -10/Mines | Destroyed by as-16214 with Assembled F-torch Last Messages --------------- down? Here, take my spare." X1-DSR(g): "You're apparently new around these parts, I'll cover you." Acquired Mining Laser. Move into an ally to swap places with them. X1-DSR(g): "Mining lasers are a lot more useful than you might think..." K-01 Serf collects debris. K-01 Serf cleans the Plasma Injector. K-01 Serf collects debris. K-01 Serf cleans the Plasma Injector. Acquired derelict log, extracted data. World map updated: -7/Zion. K-01 Serf cleans the Plasma Injector. A pair of derelicts emerge from the shadows: "We're, um, lost. You wouldn't happen to know the way out of here, would you?" K-01 Serf collects debris. ALERT: Infestation in the mines, dispatching Demolisher response squad. Map ----- +----------------------------------------------------+ | ???????????????????????# ###### #??## ##?# #? | | ???????????????????????# #???####??# #? | | ???????????????????????####### ##????????## $## | | ?????????????????????????????# #?????????# | | ????????????????????????????## #?????????# | | ???????????????????????????## ########??# """ | | ??????????????????????????## ## ##?# """ | | ??????????????????????????# ### """ | | ??????????????????????????# | | ?????????????????????????## """ | | ???????????????????????### #### ## """ | | ??????????????????????## ##??# ## """ | | ?????????????????????## ##???# ## | | ?????????????????????# ##????# ## | | ????????????????????## ######?????# ####### | | ????????????????????# ##?????????? #?????? | | ????????????????????# #???????????###?????? | | ????????????????????## #???????????????????? | | ?????????????????????## #???????????????????? | | ??????????????????????## ##???????????????????? | | ???????????????????????### #????????????????????? | | ?????????????????????????#kg#????????????????????? | | ?????????????# ??????????#u #????????????????????? | | ?????????????# ####### #????????????????????? | | ?????????????# g #????????????????????? | | ????????????# @ #????????????????????? | | ???????????# ####????????????????????? | | ??????????# ### a ????????????????????????? | | ???????????????????## #????????????????????????? | | ????????????????????#aa ?????????????????????????? | | ???????????????????# a ?????????????????????????? | | ??????????????????# ??????????????????????????? | | ????????????????? a ??????????????????????????? | | ???????????????? ???????????????????????????? | | ??????????????? a a ???????????????????????????? | | ?????????????? aaa ????????????????????????????? | | ?????????????? ?????????????????????????????? | | ???????????????? aa?????????????????????????????? | | ?????????????????? ??????????????????????????????? | | ?????????????????????????????????????????????????? | | ?????????????????????????????????????????????????? | | ?????????????????????????????????????????????????? | | ?????????????????????????????????????????????????? | | ?????????????????????????????????????????????????? | | ?????????????????????????????????????????????????? | | ?????????????????????????????????????????????????? | | ?????????????????????????????????????????????????? | | ?????????????????????????????????????????????????? | | ?????????????????????????????????????????????????? | | ?????????????????????????????????????????????????? | +----------------------------------------------------+ Best States ------------- Heat Dissipation 35 Energy Generation 10 Energy Capacity 450 Matter Stores 350 Matter Capacity 350 Sight Range 16 Terrain Scan Density 10 Armor Coverage 150 Power Shielding 33 Propulsion Shielding 33 Evasion (%) 55 Item Schematics ----------------- None Robot Schematics ------------------ None Fabricated ------------ Nothing Repaired ---------- Aluminum Leg | 58% | -10/Materials Alien Tech Used ----------------- None Achievements -------------- Loot Pinata Part-time Mechanic Challenges ------------ None Game ------ Seed WardroneFieldCompactor Manual? 0 Play Time 00:50:36 Cumulative 2.8 hours Start 2025.10.15 @ 23:16:07 End 2025.10.16 @ 00:07:06 Sessions 1 Manual Loads 0 Difficulty Rogue Special Mode None Game No. 8 Rogue 8 Adventurer 0 Explorer 0 Win Type - Total 0 Types 0/0/0/0/0/0/0/0/0/0 Lore% 0 Gallery% 3 Achievement% 3 Wizard Run 0 Options --------- Layout 1 ASCII 0 Keyboard 0 Movement Numpad Keybinds 0 Fullscreen 1 Font 24/Smallcaps Map View 50x35 Zoom Use 0% Tactical HUD 0 Map Filters NONE Filters NONE Steam 1 RUN: ce92d93c-d698-452a-98f0-ca18be9d53f0